[Event "Early-Titled-Tuesday-Blitz-May-07-2024"]
[Site "Chess.com"]
[Date "2024.05.07"]
[Round "3"]
[White "IriBu"]
[Black "Aleksandar-Topalov"]
[Result "1-0"]
[WhiteElo "2590"]
[BlackElo "2400"]
[TimeControl "180+1"]
[EndTime "8:29:29 PDT"]
[Termination "IriBu won by resignation"]

1. d4 Nf6 2. Nf3 g6 3. e3 Bg7 4. Be2 O-O 5. O-O d6 6. Nbd2 c5 7. c3 Nc6 8. e4 cxd4 9. cxd4 Bg4 10. d5 Nb4 11. Qb3 Bxf3 12. Bxf3 Qa5 13. Nc4 Qb5 14.
a3 Rfc8 15. Be2 Nxe4 16. Qxb4 Qxd5 17. Be3 b5 18. Na5 a6 19. Bf3 f5 20. Rfd1 Qe6 21.
Bxe4 fxe4 22. Bd4 Rc2 23. Bxg7 Kxg7 24. Qd4+ Kf7 25. Re1 d5 26. Rad1 Rd8 27. Nb7 Rd7 28. Nc5 1-0

[Event "Early-Titled-Tuesday-Blitz-May-07-2024"]
[Site "Chess.com"]
[Date "2024.05.07"]
[Round "3"]
[White "GrotBchess"]
[Black "CarlosjPineror"]
[Result "1/2-1/2"]
[WhiteElo "2476"]
[BlackElo "2716"]
[TimeControl "180+1"]
[EndTime "8:29:30 PDT"]
[Termination "Game drawn by repetition"]

1. e4 c5 2. Nf3 e6 3. d4 cxd4 4. Nxd4 a6 5. Nc3 Qc7 6. a3 Nf6 7. g3 h5 8. Bg2 h4 9. Bg5 hxg3 10. hxg3 Rxh1+ 11. Bxh1 Nc6 12. Qd2 Ne5 13. O-O-O d6 14. f4 Nc4 15. Qd3 Bd7 16. f5 Ne5 17. Qe2 O-O-O 18. fxe6 fxe6 19. Bf4 Kb8 20. Bg2 Re8 21.
Bh3 Nc4 22. Nf3 Ne5 23. Nd4 Qc8 24. Nf3 Qc7 25. Nd4 1/2-1/2

[Event "Early-Titled-Tuesday-Blitz-May-07-2024"]
[Site "Chess.com"]
[Date "2024.05.07"]
[Round "3"]
[White "cristianserban1"]
[Black "Zampronha1971"]
[Result "1-0"]
[WhiteElo "2632"]
[BlackElo "2463"]
[TimeControl "180+1"]
[EndTime "8:29:30 PDT"]
[Termination "cristianserban1 won by resignation"]

1. Nf3 Nf6 2. b3 d6 3. d4 g6 4.
Bb2 Bg7 5. e3 O-O 6. Be2 Nbd7 7.
O-O e5 8. dxe5 Ng4 9. c4 Ngxe5 10.
Nc3 Re8 11. Qd2 Nxf3+ 12. Bxf3 Ne5 13. Be2 Bd7 14. Rad1 Qc8 15. Nd5 a6 16. f4 Ng4 17.
Bxg7 Kxg7 18. Bxg4 Bxg4 19. Qd4+ Kh6 20. Rde1 Qd8 21. h3 Be6 22. g4 Bxd5 23. g5+ Kh5 24. Qxd5 Qd7 25. Qf3+ Kh4 26. Kh2 f6 27. Qg3+ Kh5 28.
Qf3+ Kh4 29. Rg1 fxg5 30. Rxg5 1-0

[Event "Early-Titled-Tuesday-Blitz-May-07-2024"]
[Site "Chess.com"]
[Date "2024.05.07"]
[Round "3"]
[White "ansko1999"]
[Black "Mikhail_Bryakin"]
[Result "0-1"]
[WhiteElo "2642"]
[BlackElo "2889"]
[TimeControl "180+1"]
[EndTime "8:29:36 PDT"]
[Termination "Mikhail_Bryakin won by resignation"]

1. c4 Nf6 2. Nf3 g6 3. Nc3 Bg7 4. d4 d5 5. Bg5 Ne4 6. Bf4 c6 7.
e3 Nxc3 8. bxc3 O-O 9. Be2 dxc4 10. Bxc4 Qa5 11. Qb3 Nd7 12. Qb4 Qxb4 13. cxb4 Nb6 14. Bb3 Bf5 15. a3 Be4 16. Be5 Bd5 17. Bxd5 cxd5 18. Bxg7 Kxg7 19. Nd2 Rac8 20. Ke2 Rc3 21. Rhc1 Rfc8 22. Kd1 Na4 23. Nb3 Rd3+ 24. Ke2 Rxc1 25.
Kxd3 Rc3+ 0-1

[Event "Early-Titled-Tuesday-Blitz-May-07-2024"]
[Site "Chess.com"]
[Date "2024.05.07"]
[Round "3"]
[White "czechbul17"]
[Black "komogro"]
[Result "1-0"]
[WhiteElo "2132"]
[BlackElo "2535"]
[TimeControl "180+1"]
[EndTime "8:29:37 PDT"]
[Termination "czechbul17 won by resignation"]

1. d4 Nf6 2. c4 g6 3. Nc3 Bg7 4. e4 d6 5. f4 O-O 6. Nf3 c5 7. d5 b5 8. cxb5 a6 9. a4 axb5 10.
Bxb5 Ba6 11. Bd2 c4 12. O-O Qb6+ 13. Kh1 Ng4 14. Qe2 Nd7 15. Bxd7 Nf6 16. Bb5 Rac8 17. e5 dxe5 18. fxe5 Ng4 19. Bd7 Qxb2 20. Bxg4 Rcd8 21. Rfb1 Qc2 22. Nd4 Qd3 23. Qxd3 cxd3 24. Nc6 Rde8 25. Nb5 Bb7 26. Bd7 Bxc6 27. dxc6 Rd8 28. Ba5 Ra8 29. Bc3 d2 30. Rd1 Rfb8 31. Rxd2 Rxb5 32. axb5 Rxa1+ 33.
Bxa1 1-0

[Event "Early-Titled-Tuesday-Blitz-May-07-2024"]
[Site "Chess.com"]
[Date "2024.05.07"]
[Round "3"]
[White "Iball95"]
[Black "Iskusnyh"]
[Result "1-0"]
[WhiteElo "2923"]
[BlackElo "2622"]
[TimeControl "180+1"]
[EndTime "8:29:40 PDT"]
[Termination "Iball95 won by resignation"]

1. e4 e6 2. d4 d5 3. Nc3 Nf6 4. Bd3 Nc6 5. Nf3 Nb4 6. e5 Nd7 7. Bg5 Be7 8. Bxe7 Qxe7 9. O-O a6 10. Re1 c5 11. a3 Nxd3 12. cxd3 O-O 13. dxc5 Nxc5 14.
d4 Nd7 15. Qb3 Nb8 16. Rac1 Nc6 17. Na4 Na5 18. Qc3 Nc4 19. Nd2 b5 20. Nc5 f6 21.
exf6 Qxf6 22. Nf3 Qg6 23. b3 Nd6 24. Ne5 Nf5 25. Nxg6 1-0

[Event "Early-Titled-Tuesday-Blitz-May-07-2024"]
[Site "Chess.com"]
[Date "2024.05.07"]
[Round "3"]
[White "ural58"]
[Black "GoltsevDmitry2000"]
[Result "0-1"]
[WhiteElo "2518"]
[BlackElo "2788"]
[TimeControl "180+1"]
[EndTime "8:29:41 PDT"]
[Termination "GoltsevDmitry2000 won by resignation"]

1. e4 e6 2. d4 d5 3. Nc3 c5 4.
exd5 exd5 5. Bb5+ Nc6 6. Nf3 Nf6 7. O-O Be7 8. dxc5 Bxc5 9. Re1+ Be6 10. Nd4 O-O 11. Nxe6 fxe6 12. Bxc6 bxc6 13. Qe2 Ng4 14. Qxg4 Bxf2+ 15. Kh1 Bxe1 16. Qxe6+ Kh8 17. Qxe1 Qe7 18. Bd2 Qb4 19. Rb1 Rae8 20. Qg1 Qc4 21. b3 Qg4 22.
Re1 Qg6 23. Rxe8 Rxe8 24. Qd1 Rf8 25. h3 Rf2 26. Qg1 Rxd2 27. Nd1 Qxc2 28. Ne3 Qd3 0-1

[Event "Early-Titled-Tuesday-Blitz-May-07-2024"]
[Site "Chess.com"]
[Date "2024.05.07"]
[Round "3"]
[White "Ryukchess81"]
[Black "PonyQueen07"]
[Result "1-0"]
[WhiteElo "2379"]
[BlackElo "2133"]
[TimeControl "180+1"]
[EndTime "8:29:41 PDT"]
[Termination "Ryukchess81 won on time"]

1. d4 Nf6 2. Bf4 d5 3. e3 c5 4. dxc5 Nc6 5. Bb5 a6 6. Bxc6+ bxc6 7. Nf3 Bg4 8. O-O e6 9. b4 Be7 10. h3 Bh5 11. Nbd2 O-O 12. Be5 a5 13. a3 Nd7 14.
Bb2 Bf6 15. Qc1 e5 16. e4 dxe4 17. Nxe4 Bxf3 18. gxf3 Be7 19. Rd1 f5 20. Nd6 Bg5 21. Qb1 Bf4 22. Qa2+ Kh8 23. Nf7+ Rxf7 24. Qxf7 Qg5+ 25.
Kf1 Nf6 26. Ke2 Qh5 27. Rg1 Rg8 28. Rad1 e4 29. Qxh5 exf3+ 30. Qxf3 1-0

[Event "Early-Titled-Tuesday-Blitz-May-07-2024"]
[Site "Chess.com"]
[Date "2024.05.07"]
[Round "3"]
[White "Denisenko_Denis"]
[Black "lluiss"]
[Result "0-1"]
[WhiteElo "2396"]
[BlackElo "2228"]
[TimeControl "180+1"]
[EndTime "8:29:42 PDT"]
[Termination "lluiss won on time"]

1. d4 Nf6 2. Bf4 g6 3. e3 Bg7 4.
Be2 O-O 5. h3 d5 6. Nf3 c5 7. c3 b6 8. O-O Nc6 9. Nbd2 Bb7 10.
Re1 Nd7 11. a4 a6 12. Bd3 e5 13. dxe5 Ndxe5 14. Nxe5 Nxe5 15. Be2 Re8 16. Nf3 Bc6 0-1

[Event "Early-Titled-Tuesday-Blitz-May-07-2024"]
[Site "Chess.com"]
[Date "2024.05.07"]
[Round "3"]
[White "SchmakAttack"]
[Black "Oleksandr_Bortnyk"]
[Result "0-1"]
[WhiteElo "2773"]
[BlackElo "3058"]
[TimeControl "180+1"]
[EndTime "8:29:46 PDT"]
[Termination "Oleksandr_Bortnyk won by resignation"]

1. Nf3 Nf6 2. g3 g6 3. Bg2 Bg7 4. O-O O-O 5. d4 d6 6. Nc3 Nbd7 7. e4 e5 8. h3 b6 9. Re1 Bb7 10. d5 a5 11. Be3 Nc5 12. Nd2 Nfd7 13. Nc4 f5 14. exf5 gxf5 15. f4 Ba6 16. Na3 e4 17. Bd4 Nf6 18. Nab5 a4 19. Bf2 Qd7 20. Nd4 Bc4 21. Ne6 Nxe6 22. dxe6 Bxe6 23. Qd2 d5 24. b3 axb3 25. axb3 c5 26. Na4 Qc6 27. c3 Rfd8 28. Rad1 d4 29. cxd4 Bxb3 0-1

[Event "Early-Titled-Tuesday-Blitz-May-07-2024"]
[Site "Chess.com"]
[Date "2024.05.07"]
[Round "3"]
[White "PIwan"]
[Black "lacafi"]
[Result "1-0"]
[WhiteElo "2422"]
[BlackElo "2237"]
[TimeControl "180+1"]
[EndTime "8:29:51 PDT"]
[Termination "PIwan won by checkmate"]

1. c4 f5 2. d4 Nf6 3. Nc3 g6 4. h4 Bg7 5. h5 c6 6. e4 fxe4 7. h6 Bf8 8. Nge2 d5 9. Ng3 e6 10. Qb3 Be7 11. Be2 O-O 12. Be3 Nbd7 13. O-O-O a6 14.
Kb1 b5 15. c5 a5 16. a4 b4 17. Na2 Ba6 18. Nc1 Bxe2 19. Ncxe2 Ng4 20. Nf4 Rf6 21.
Nxe4 Rxf4 22. Bxf4 Nf8 23. Qh3 dxe4 24. Qxg4 Qd5 25. Bd6 Bxd6 26. cxd6 Qxd6 27. Qxe4 Rd8 28. Rhe1 b3 29. Qe5 Qb4 30. Qg7# 1-0

[Event "Early-Titled-Tuesday-Blitz-May-07-2024"]
[Site "Chess.com"]
[Date "2024.05.07"]
[Round "3"]
[White "JRenatoMaranhao"]
[Black "watermelonattackk"]
[Result "0-1"]
[WhiteElo "2113"]
[BlackElo "2553"]
[TimeControl "180+1"]
[EndTime "8:29:52 PDT"]
[Termination "watermelonattackk won by resignation"]

1. e4 e5 2. Nf3 Nc6 3. Bb5 a6 4. Ba4 Nf6 5. O-O Be7 6. Re1 b5 7. Bb3 d6 8. h3 Na5 9. d3 O-O 10. c3 Nxb3 11. axb3 c5 12. Nbd2 h6 13.
Nf1 Be6 14. d4 Qc7 15. d5 Bd7 16. g4 Nh7 17. Ng3 a5 18. Qe2 Bg5 19. Nf5 Rfb8 20.
h4 Bxc1 21. Rexc1 Qd8 22. Kg2 Nf6 23. Kg3 Nxg4 24. Kxg4 g6 25. Rg1 gxf5+ 26. exf5 Qf6 27. Qe4 Kh7 28. Kh3 0-1

[Event "Early-Titled-Tuesday-Blitz-May-07-2024"]
[Site "Chess.com"]
[Date "2024.05.07"]
[Round "3"]
[White "PawnEatingZombie"]
[Black "ReinisUz"]
[Result "0-1"]
[WhiteElo "2217"]
[BlackElo "2416"]
[TimeControl "180+1"]
[EndTime "8:29:53 PDT"]
[Termination "ReinisUz won by resignation"]

1. e4 e5 2. Nf3 Nc6 3. Nc3 Nf6 4. Bb5 Bc5 5. Nxe5 Bxf2+ 6. Kxf2 Nxe5 7. d4 Neg4+ 8. Kg1 c6 9. Bd3 Qb6 10. Ne2 O-O 11.
h3 Ne5 12. Kh2 Nxd3 13. Qxd3 d5 14. e5 Ne4 15. Rf1 Be6 16. Ng3 Nxg3 17. Kxg3 c5 18. c3 cxd4 19. Qxd4 Qxd4 20. cxd4 Rac8 21. Be3 Rc2 22. Rf2 Rfc8 23. Raf1 g6 24. h4 h5 25. Kf4 Bf5 26. Kg5 Bd3 27. Rxc2 Rxc2 28. Rf2 Rc6 29.
Bd2 Bf5 30. Bc3 Kg7 31. a3 f6+ 32. exf6+ Rxf6 33. g3 Re6 34. Kf4 Bg4 35. Rd2 Re4+ 36. Kg5 Bf5 0-1

[Event "Early-Titled-Tuesday-Blitz-May-07-2024"]
[Site "Chess.com"]
[Date "2024.05.07"]
[Round "3"]
[White "RonitLevitan"]
[Black "MaiqMaster"]
[Result "0-1"]
[WhiteElo "2249"]
[BlackElo "2484"]
[TimeControl "180+1"]
[EndTime "8:29:54 PDT"]
[Termination "MaiqMaster won by checkmate"]

1. d4 d5 2. Nc3 Nf6 3. Bf4 g6 4. e3 Bg7 5. Be2 O-O 6. Nf3 c5 7. dxc5 Be6 8. Nd4 Nfd7 9. b4 Nc6 10. h4 Nxb4 11. h5 Nxc5 12. hxg6 fxg6 13. Rb1 Nc6 14. Ncb5 Nxd4 15. Nxd4 Bf7 16. Nf3 Ne4 17.
Rxb7 Qa5+ 18. Kf1 Nc3 19. Qd2 Qxa2 20. g4 Nxe2 21. Qxe2 d4 22. Kg2 Bd5 23. Rxe7 Rae8 24. Rxe8 Rxe8 25. Qd2 Bxf3+ 26. Kxf3 Qd5+ 27. Kg3 Qxh1 28. exd4 Qe4 29. d5 Rf8 30. Be3 Rf3+ 31. Kh2 Qxg4 32.
d6 Rh3# 0-1

[Event "Early-Titled-Tuesday-Blitz-May-07-2024"]
[Site "Chess.com"]
[Date "2024.05.07"]
[Round "3"]
[White "Sofia_Blokhin"]
[Black "Casper"]
[Result "0-1"]
[WhiteElo "2270"]
[BlackElo "2500"]
[TimeControl "180+1"]
[EndTime "8:30:01 PDT"]
[Termination "Casper won by resignation"]

1. d4 d5 2. c4 e6 3. Nc3 a6 4.
Nf3 Nf6 5. e3 Be7 6. Bd3 dxc4 7.
Bxc4 O-O 8. a4 c5 9. O-O Nc6 10. b3 Qc7 11. Bb2 cxd4 12. exd4 Rd8 13. Ne2 Nb4 14.
a5 Nbd5 15. Bd3 Bd7 16. Ne5 Be8 17. g4 Rac8 18. g5 Nd7 19. h4 Nxe5 20. dxe5 Nb4 21. Nf4 Nxd3 22. Nxd3 Bb5 23. Rc1 Qb8 24. Rxc8 Qxc8 25.
Qc1 Bxd3 26. Qxc8 Rxc8 27. Rd1 Bc2 28. Rd7 Bb4 29. Rxb7 Bxa5 30. Ra7 Bd3 31. Ba3 g6 32. Be7 Bd8 33. Bd6 Bb6 34. Rb7 Rc1+ 35. Kg2 Be4+ 0-1

[Event "Early-Titled-Tuesday-Blitz-May-07-2024"]
[Site "Chess.com"]
[Date "2024.05.07"]
[Round "3"]
[White "NigiriSushies"]
[Black "KarstenHansch"]
[Result "0-1"]
[WhiteElo "2416"]
[BlackElo "2593"]
[TimeControl "180+1"]
[EndTime "8:30:08 PDT"]
[Termination "KarstenHansch won by checkmate"]

1. Nf3 Nc6 2. e4 e5 3. Bc4 Bc5 4. O-O Nf6 5. d3 d6 6. c3 Bg4 7. h3 Bh5 8. Nbd2 O-O 9. Re1 Re8 10. Nf1 d5 11. exd5 Nxd5 12. Ng3 Bg6 13. Bg5 Qd7 14. b4 Nxc3 15. Qb3 Bd4 16. Nxd4 exd4 17.
h4 Ne5 18. h5 Bxd3 19. Rxe5 Rxe5 20. Bxd3 Rxg5 21. h6 g6 22. Ne4 Nxe4 23. Bxe4 c6 24. Rd1 Re8 25. Bf3 Rge5 26. Kh2 b6 27. Qc4 c5 28. b5 Qe6 29. Qa4 g5 30. Qxa7 Qxh6+ 31. Kg1 Re1+ 32. Rxe1 Rxe1# 0-1

[Event "Early-Titled-Tuesday-Blitz-May-07-2024"]
[Site "Chess.com"]
[Date "2024.05.07"]
[Round "3"]
[White "platy3"]
[Black "imdvb6307"]
[Result "1-0"]
[WhiteElo "2867"]
[BlackElo "2536"]
[TimeControl "180+1"]
[EndTime "8:30:12 PDT"]
[Termination "platy3 won by resignation"]

1. e4 Nc6 2. Nc3 e5 3. Nf3 Nf6 4. Bb5 Nd4 5. Bc4 Nxf3+ 6. Qxf3 Bc5 7. d3 O-O 8. Bg5 c6 9. Bb3 d6 10. h3 a5 11. a4 Be6 12. Ba2 Bxa2 13. Rxa2 Qe7 14.
O-O Qe6 15. Bxf6 Qxf6 16. Qxf6 gxf6 17. Ne2 d5 18. Ng3 Rfd8 19. Raa1 dxe4 20. Nxe4 Be7 21. f4 b5 22. fxe5 fxe5 23. Rf5 Rd5 24. Raf1 Rf8 25. b3 f6 26. Nxf6+ Bxf6 27. Rxf6 Rxf6 28. Rxf6 bxa4 29. bxa4 Rc5 30. Rf5 Rxc2 31. Rxe5 Rc3 32. Rxa5 Rxd3 33. Kf2 Kg7 34. Rc5 Ra3 35. a5 h5 36. Rxh5 Kf6 37. Rh6+ 1-0

[Event "Early-Titled-Tuesday-Blitz-May-07-2024"]
[Site "Chess.com"]
[Date "2024.05.07"]
[Round "3"]
[White "wonderfultime"]
[Black "Mischuk_D"]
[Result "1-0"]
[WhiteElo "3100"]
[BlackElo "2805"]
[TimeControl "180+1"]
[EndTime "8:30:14 PDT"]
[Termination "wonderfultime won by resignation"]

1. d4 d5 2. Nf3 e6 3. Bf4 Nf6 4. e3 c5 5. c3 Bd6 6. Nbd2 O-O 7.
Bd3 Bxf4 8. exf4 b6 9. Qe2 a5 10. O-O Ba6 11. Bxa6 Nxa6 12. Rfe1 cxd4 13. Nxd4 Re8 14.
Rad1 Nc5 15. N2f3 Qc7 16. g3 h6 17. Ne5 Nce4 18. c4 dxc4 19. Qxc4 Qb7 20. Qc6 Qxc6 21. Ndxc6 Rac8 22. Rd4 Nc5 23. Red1 Rc7 24. Rd8 Rxd8 25. Rxd8+ Kh7 26. Rf8 Na4 27. b3 Nc3 28. Nd8 Nxa2 29. Ndxf7 Ng8 30. Rb8 Nc1 31. Nd8 Nxb3 32. Nxe6 Ra7 33.
Nf8+ 1-0

[Event "Early-Titled-Tuesday-Blitz-May-07-2024"]
[Site "Chess.com"]
[Date "2024.05.07"]
[Round "3"]
[White "m_ezat"]
[Black "Ati1517"]
[Result "1-0"]
[WhiteElo "2561"]
[BlackElo "2273"]
[TimeControl "180+1"]
[EndTime "8:30:14 PDT"]
[Termination "m_ezat won by resignation"]

1. d4 Nf6 2. c4 g6 3. Nc3 Bg7 4. e4 d6 5. Be2 O-O 6. Bg5 Nbd7 7. Qd2 e5 8. d5 a5 9. g4 Nc5 10. f3 Qd7 11. h4 c6 12. h5 cxd5 13. cxd5 b6 14. Nh3 Ba6 15. Bxa6 Rxa6 16. Bh6 b5 17.
Nf2 b4 18. Ncd1 Qb5 19. Bxg7 Kxg7 20. hxg6 fxg6 21. Qh6+ Kg8 22. Ne3 Nd3+ 23. Nxd3 Qxd3 24. Rd1 Qb5 25. g5 Nh5 26. Rxh5 gxh5 27. g6 Ra7 28.
Kf2 Qd7 29. Rg1 Qg7 30. gxh7+ 1-0

[Event "Early-Titled-Tuesday-Blitz-May-07-2024"]
[Site "Chess.com"]
[Date "2024.05.07"]
[Round "3"]
[White "KINGOF2SOAP"]
[Black "NMChessToImpress"]
[Result "0-1"]
[WhiteElo "2433"]
[BlackElo "2269"]
[TimeControl "180+1"]
[EndTime "8:30:14 PDT"]
[Termination "NMChessToImpress won by checkmate"]

1. e4 e6 2. d4 d5 3. exd5 exd5 4. c4 Nf6 5. Nc3 Be7 6. Nf3 O-O 7. Bg5 Nc6 8. Bxf6 Bxf6 9. cxd5 Re8+ 10. Be2 Ne7 11. Qb3 Nf5 12. Rd1 Nd6 13. O-O Bf5 14. Bd3 Bg4 15.
Qc2 Bxf3 16. Bxh7+ Kh8 17. gxf3 g6 18. Bxg6 fxg6 19.
Qxg6 Rg8 20. Qxg8+ Qxg8+ 21. Kh1 Qf7 22. Rde1 Bxd4 23.
Re6 Qxf3+ 24. Kg1 Rg8+ 25. Rg6 Rxg6# 0-1

[Event "Early-Titled-Tuesday-Blitz-May-07-2024"]
[Site "Chess.com"]
[Date "2024.05.07"]
[Round "3"]
[White "karinachess1"]
[Black "Ramla2020"]
[Result "1-0"]
[WhiteElo "2613"]
[BlackElo "2438"]
[TimeControl "180+1"]
[EndTime "8:30:18 PDT"]
[Termination "karinachess1 won by resignation"]

1. d4 Nf6 2. c4 e6 3. Nc3 Bb4 4.
a3 Bxc3+ 5. bxc3 d5 6. f3 c5 7. cxd5 exd5 8. e3 O-O 9. Bd3 Re8 10. Ne2 Nc6 11. O-O b6 12. Ng3 a5 13. Re1 h5 14.
Bb2 h4 15. Nf5 Bxf5 16. Bxf5 g6 17. Bc2 Qd6 18. e4 dxe4 19. fxe4 Rad8 20. e5 Nxe5 21. dxe5 Qc6 22. Qe2 Nd5 23. c4 Nf4 24. Qg4 Rd2 25. Be4 Qc7 26. Qxf4 Rxb2 27. Bd5 Re7 28. Qf6 Kh7 29.
e6 Kg8 30. exf7+ 1-0

[Event "Early-Titled-Tuesday-Blitz-May-07-2024"]
[Site "Chess.com"]
[Date "2024.05.07"]
[Round "3"]
[White "shirovin"]
[Black "KorolDimitriy75"]
[Result "0-1"]
[WhiteElo "2070"]
[BlackElo "2368"]
[TimeControl "180+1"]
[EndTime "8:30:20 PDT"]
[Termination "KorolDimitriy75 won on time"]

1. e4 c5 2. Nf3 d6 3. d4 cxd4 4. Nxd4 Nf6 5. Nc3 g6 6. Be3 Bg7 7. Be2 O-O 8. O-O Nc6 9. Nb3 a6 10. a4 Be6 11. Kh1 Na5 12. f4 Nc4 13. Bxc4 Bxc4 14. Nd2 Bxf1 15. Qxf1 Rc8 16. Rd1 Ng4 17. Bg1 Bxc3 18. bxc3 Rxc3 19. Qe2 Qc8 20. h3 Nf6 21. e5 Nh5 22. exd6 Ng3+ 0-1

[Event "Early-Titled-Tuesday-Blitz-May-07-2024"]
[Site "Chess.com"]
[Date "2024.05.07"]
[Round "3"]
[White "GM_dmitrij"]
[Black "IMchanged"]
[Result "1-0"]
[WhiteElo "3055"]
[BlackElo "2751"]
[TimeControl "180+1"]
[EndTime "8:30:21 PDT"]
[Termination "GM_dmitrij won by resignation"]

1. Nf3 c5 2. e3 Nc6 3. c4 Nf6 4. Nc3 g6 5. d4 cxd4 6. exd4 d5 7. cxd5 Nxd5 8. Bc4 Nxc3 9. bxc3 Bg7 10. O-O O-O 11.
Re1 Na5 12. Bf1 Be6 13. Bg5 h6 14. Bh4 Qd7 15. Ne5 Bxe5 16. Rxe5 Nc6 17. Re1 a6 18. Qd2 Kg7 19. a4 Na5 20. Rad1 Rfd8 21. c4 Nxc4 22.
Qc3 Qd5 23. Rxe6 Qxe6 24. Bxc4 Qd6 25. d5+ Kg8 26. Qe3 Rd7 27. Qxh6 Rc8 28. Bf1 Qb4 29. Bg3 Qb2 30. h4 Rc3 31. Be5 1-0

[Event "Early-Titled-Tuesday-Blitz-May-07-2024"]
[Site "Chess.com"]
[Date "2024.05.07"]
[Round "3"]
[White "Njal28"]
[Black "ViralduS"]
[Result "1-0"]
[WhiteElo "3118"]
[BlackElo "2653"]
[TimeControl "180+1"]
[EndTime "8:30:23 PDT"]
[Termination "Njal28 won by checkmate"]

1. e4 c6 2. d4 d5 3. e5 Bf5 4. Bd3 Bxd3 5. Qxd3 e6 6. Ne2 Ne7 7. O-O Nf5 8. c3 Be7 9. Nd2 O-O 10. f4 h5 11. Ng3 g6 12. Nxf5 exf5 13. Nf3 Re8 14.
e6 f6 15. Nh4 Kh7 16. Nxf5 gxf5 17. Qxf5+ Kg7 18. Rf3 Rg8 19. Rg3+ Kh6 20. Rh3 Qe8 21.
g4 Qg6 22. Rxh5+ Kg7 23. Qxg6+ Kxg6 24. f5+ Kg7 25. Bh6+ Kh7 26. Bf8# 1-0

[Event "Early-Titled-Tuesday-Blitz-May-07-2024"]
[Site "Chess.com"]
[Date "2024.05.07"]
[Round "3"]
[White "kuchma777"]
[Black "IamSchrodingersCat"]
[Result "1-0"]
[WhiteElo "2499"]
[BlackElo "2638"]
[TimeControl "180+1"]
[EndTime "8:30:23 PDT"]
[Termination "kuchma777 won by resignation"]

1. e4 c5 2. Nf3 d6 3. d4 cxd4 4. Nxd4 Nf6 5. Nc3 g6 6. Rg1 Bg7 7. g4 Nc6 8. Be3 h5 9. gxh5 Rxh5 10. Be2 Rxh2 11. Qd2 Bd7 12. O-O-O Qa5 13. Kb1 Rc8 14. Rh1 Rxh1 15. Rxh1 Ne5 16. f3 Nh5 17. Nb3 Qd8 18. Bd4 Ng3 19. Rh7 Nxe2 20. Rxg7 Nxc3+ 21. Bxc3 1-0

[Event "Early-Titled-Tuesday-Blitz-May-07-2024"]
[Site "Chess.com"]
[Date "2024.05.07"]
[Round "3"]
[White "TitarovVasiliYouTube"]
[Black "ccccvhhhj"]
[Result "0-1"]
[WhiteElo "2625"]
[BlackElo "2486"]
[TimeControl "180+1"]
[EndTime "8:30:24 PDT"]
[Termination "ccccvhhhj won by checkmate"]

1. c4 e5 2. e3 Nf6 3. Nc3 c6 4. d4 exd4 5. Qxd4 d5 6. cxd5 cxd5 7. Nf3 Nc6 8. Bb5 Be7 9. O-O O-O 10. Bxc6 bxc6 11.
Na4 Ne4 12. Rd1 Bg4 13. Bd2 Bxf3 14. gxf3 Ng5 15. Qg4 f5 16. Qg2 Rf6 17. Kh1 Rg6 18.
Nc3 Bd6 19. f4 Ne4 20. Qf3 Qh4 21. Nxe4 fxe4 22. Qe2 Rh6 23. f3 exf3 24. Qxf3 Qxh2# 0-1

[Event "Early-Titled-Tuesday-Blitz-May-07-2024"]
[Site "Chess.com"]
[Date "2024.05.07"]
[Round "3"]
[White "KChor05"]
[Black "Cheer_Down"]
[Result "0-1"]
[WhiteElo "2612"]
[BlackElo "2477"]
[TimeControl "180+1"]
[EndTime "8:30:27 PDT"]
[Termination "Cheer_Down won by resignation"]

1. d4 d5 2. c4 e6 3. Nf3 Nf6 4. g3 Be7 5. Bg2 O-O 6. O-O dxc4 7. Qc2 a6 8. a4 Bd7 9. Ne5 Bc6 10. Nxc6 Nxc6 11.
e3 Na5 12. Nd2 c5 13. dxc5 Rc8 14. b4 cxb3 15. Nxb3 Nxb3 16. Qxb3 Bxc5 17. Qxb7 a5 18. Qb3 Qe7 19. Bd2 Rb8 20. Qc2 Bb4 21. Rfd1 Rfc8 22. Qa2 Bxd2 23. Qxd2 Qb4 24. Qe2 g6 25. h4 h5 26. Qf3 Kg7 27. Rd4 Qb2 28. Rad1 Rb4 29. Qf4 Rc1 30. Rxc1 Qxc1+ 31. Bf1 Rb1 0-1

[Event "Early-Titled-Tuesday-Blitz-May-07-2024"]
[Site "Chess.com"]
[Date "2024.05.07"]
[Round "3"]
[White "Nitzan_Steinberg"]
[Black "GeorgiosSouleidis"]
[Result "1-0"]
[WhiteElo "2929"]
[BlackElo "2704"]
[TimeControl "180+1"]
[EndTime "8:30:31 PDT"]
[Termination "Nitzan_Steinberg won on time"]

1. e4 c5 2. Nf3 e6 3. d4 cxd4 4.
Nxd4 Nf6 5. Nc3 Nc6 6. a3 Be7 7. Be2 O-O 8. Be3 Qc7 9. O-O a6 10. f4 d6 11. Qe1 Nxd4 12. Bxd4 e5 13. fxe5 dxe5 14. Qg3 Bc5 15. Bxc5 Qxc5+ 16. Kh1 Qe7 17. Rf2 Bd7 18. Raf1 Ne8 19. Nd5 Qd6 20. Qh4 f6 21. Bc4 Be6 22. Rd2 Qc5 23. Bb3 Kh8 24. Rf3 Rd8 25. Rdd3 g6 26. Nxf6 Nxf6 27. Rxd8 1-0

[Event "Early-Titled-Tuesday-Blitz-May-07-2024"]
[Site "Chess.com"]
[Date "2024.05.07"]
[Round "3"]
[White "anasta10"]
[Black "thesupera12"]
[Result "0-1"]
[WhiteElo "2598"]
[BlackElo "2457"]
[TimeControl "180+1"]
[EndTime "8:30:31 PDT"]
[Termination "thesupera12 won by checkmate"]

1. Nf3 Nf6 2. c4 c5 3. g3 g6 4.
Bg2 Bg7 5. O-O O-O 6. Nc3 Nc6 7. d3 d6 8. Bg5 Bg4 9. h3 h6 10. Bxf6 Bxf3 11. Bxg7 Bxg2 12. Bxf8 Bxf1 13. Bxe7 Bxe2 14. Bxd8 Bxd1 15. Bc7 Bc2 16. Bxd6 Bxd3 17. b3 b6 18. Rd1 Bf5 19. g4 Be6 20. Ne4 Rd8 21. Rd2 f5 22. gxf5 Bxf5 23. Nf6+ Kf7 24. Ng4 h5 25. Nh6+ Ke6 26.
Nxf5 Kxf5 27. Bf4 Kxf4 28. Re2 Ne5 29. Kg2 g5 30. f3 Nxf3 31. Re7 Rd2+ 32. Kf1 Kg3 33.
Rxa7 Rf2# 0-1

[Event "Early-Titled-Tuesday-Blitz-May-07-2024"]
[Site "Chess.com"]
[Date "2024.05.07"]
[Round "3"]
[White "Kushch_Nikolai"]
[Black "Skatchkov_V"]
[Result "0-1"]
[WhiteElo "2403"]
[BlackElo "2626"]
[TimeControl "180+1"]
[EndTime "8:30:32 PDT"]
[Termination "Skatchkov_V won by resignation"]

1. Nf3 d5 2. d4 Nf6 3. c4 e6 4.
Nc3 Ne4 5. e3 f5 6. Bd3 Bd6 7.
O-O c6 8. Ne2 O-O 9. b3 Nd7 10.
Bb2 b6 11. Ne5 Bb7 12. f3 Nec5 13. f4 Nxd3 14. Qxd3 Nf6 15. Ng3 Rc8 16. Rac1 Qe7 17. Rc2 Rfd8 18. Rfc1 g6 19. cxd5 cxd5 20. Rxc8 Rxc8 21.
Rxc8+ Bxc8 22. h3 Bb7 23. Qb5 Qc7 24. Qd3 Bb4 25. Kh2 Kf8 26. Ne2 Ne4 27. Ng1 Qc8 28. Ngf3 Ba6 29. Qd1 Kg7 30. Nd3 Bd6 31. Nfe1 Nc3 32.
Qa1 Ne4 33. Qc1 Qxc1 34. Nxc1 Kf7 35. g4 g5 36. Ned3 Kf6 37. Kg2 h6 38. a3 Nd2 39.
Kg3 Bxd3 40. Nxd3 Nxb3 41. gxf5 Kxf5 42. a4 Nd2 43. Bc3 Ne4+ 0-1

[Event "Early-Titled-Tuesday-Blitz-May-07-2024"]
[Site "Chess.com"]
[Date "2024.05.07"]
[Round "3"]
[White "ChristopherYoo"]
[Black "MVM2008"]
[Result "0-1"]
[WhiteElo "3006"]
[BlackElo "2560"]
[TimeControl "180+1"]
[EndTime "8:30:35 PDT"]
[Termination "MVM2008 won by resignation"]

1. e4 e5 2. Nf3 Nf6 3. Nxe5 Nc6 4. Nxc6 dxc6 5. d3 Bc5 6. Be2 h5 7. h3 Qd4 8. O-O Ng4 9. hxg4 hxg4 10. g3 Qe5 11.
Kg2 Bxf2 12. Rxf2 Qh5 13. Rf4 Qh2+ 14. Kf1 Qxg3 15. Bf3 Rh2 16. Qe2 gxf3 17. Qxh2 Qxh2 18. Rxf3 Bg4 19. Rf4 Qe2+ 20. Kg1 Qe1+ 21. Kg2 Qxc1 22.
Rxg4 Qxb2 23. Rh4 O-O-O 0-1